 Dungeon Crawl Stone Soup version 0.26.1-11-gd32895ea62 (webtiles) character file.

Game seed: 13983730407170793346

128 Zeld the Chopper (level 4, -2/58 HPs)
             Began as a Minotaur Berserker on May 23, 2021.
             Was a Believer of Trog.
             Killed from afar by a white imp (10 damage)
             ... with a puff of frost
             ... on level 3 of the Dungeon.
             The game lasted 00:03:00 (3477 turns).

Zeld the Chopper (Minotaur Berserker)               Turns: 3477, Time: 00:03:01

Health: -2/58      AC:  3    Str: 22    XL:     4   Next: 87%
Magic:  3/3        EV: 12    Int:  4    God:    Trog [**....]
Gold:   156        SH:  0    Dex: 10    Spells: 3/3 levels left

rFire    . . .     SeeInvis .   a - +0 hand axe
rCold    . . .     Faith    .   (no shield)
rNeg     . . .     Spirit   .   (no armour)
rPois    .         Reflect  .   (helmet restricted)
rElec    .         Harm     .   o - +2 cloak
rCorr    .         Rampage  .   (no gloves)
Will     .....                  (no boots)
Stlth    ..........             (no amulet)
HPRegen  0.19/turn              (no ring)
MPRegen  0.08/turn              (no ring)

@: berserking, very quick
A: retaliatory headbutt, horns 2
a: Renounce Religion, Berserk, Trog's Hand


You were on level 3 of the Dungeon.
You worshipped Trog.
Trog was pleased with you.
You visited 1 branch of the dungeon, and saw 3 of its levels.

You collected 156 gold pieces.

Inventory:

Hand Weapons
 a - a +0 hand axe (weapon)
Armour
 o - a +2 cloak (worn)
Scrolls
 b - a scroll of enchant armour
 d - a scroll of identify
 e - 2 scrolls of blinking
 h - a scroll of teleportation
 j - 3 scrolls of remove curse
 l - 3 scrolls of enchant weapon
Potions
 c - a potion of might {unknown}
 f - 3 potions of curing {unknown}
 g - a potion of attraction {unknown}
 i - 2 potions of heal wounds {unknown}
 k - a potion of invisibility {unknown}
 m - a potion of flight {unknown}
 n - a potion of resistance {unknown}
 p - a potion of lignification {unknown}


   Skills:
 - Level 3.6 Fighting
 * Level 6.8 Axes
 - Level 2.4 Armour
 - Level 2.1 Dodging


You had 3 spell levels left.
You didn't know any spells.
Your spell library was empty.

Dungeon Overview and Level Annotations

Branches:
Dungeon (3/15)

Altars:


Innate Abilities, Weirdness & Mutations

You reflexively headbutt those who attack you in melee.
You have a pair of horns on your head.


Message History

You are too injured to fight recklessly!
You hit the white imp. Your headbutt misses the white imp.
The white imp is lightly wounded.
The white imp hits you. The white imp freezes you.
* * * LOW HITPOINT WARNING * * *
You closely miss the white imp.
The white imp is lightly wounded.
The white imp hits you.
* * * LOW HITPOINT WARNING * * *
The white imp freezes you.
* * * LOW HITPOINT WARNING * * *
A red film seems to cover your vision as you go berserk!
You feel yourself moving faster!
You feel mighty!
The white imp summons a swarm of flies.
The white imp hits you but does no damage.
You closely miss the white imp. You headbutt the white imp.
The white imp is moderately wounded.
The white imp gestures at you. The puff of frost hits you!
You die...

#.# ### #.# #). #.#
#.# ... #.# #.# #.#
#.####.# #5##.#.#
######
#@.#...######.....
##.###............
####'###.######.....
#.....##.# #.....
#.....'..# #.....
#.>...#### ######
#######


You could see a white imp.

Vanquished Creatures
  An orc priest (D:3)
  An adder (D:3)
  2 gnolls (D:2)
  A white imp (D:3)
  3 worms (D:2)
  A dart slug (D:3)
  A leopard gecko (D:2)
  4 orcs (D:3)
  5 bats
  A giant cockroach (D:2)
  4 goblins
  6 hobgoblins
  4 quokkas (D:2)
  5 frilled lizards
  8 kobolds
  5 rats
52 creatures vanquished.

Vanquished Creatures (others)
  8 plants (D:2)
8 creatures vanquished.

Grand Total: 60 creatures vanquished

Notes
Turn   | Place    | Note
-------+----------+-------------------------------------------
     0 | D:1      | Zeld the Minotaur Berserker began the quest for the Orb.
     0 | D:1      | Reached XP level 1. HP: 19/19 MP: 0/0
   372 | D:1      | Reached skill level 4 in Axes
   750 | D:2      | Reached XP level 2. HP: 26/26 MP: 1/1
  1334 | D:2      | Reached skill level 5 in Axes
  1530 | D:2      | Reached XP level 3. HP: 31/31 MP: 2/2
  2260 | D:2      | Reached ** piety under Trog
  2822 | D:3      | Reached XP level 4. HP: 39/39 MP: 3/3
  2844 | D:3      | Reached skill level 6 in Axes
  3477 | D:3      | Killed from afar by a white imp

Illustrated notes

Levels and vault maps discovered:
D:1:      grunt_arrival_lava_bath, layout_basic, minmay_misc_feat_cross
D:2:      wad_woods_tower, layout_basic
D:3:      layout_basic

Skill      XL: |  1  2  3  4 |
---------------+-------------+-----
Axes           | 4 5 6 |  6.8
Fighting       | |  3.6
Armour         | |  2.4
Dodging        | |  2.1

Action                   |  1- 3 |  4- 6 || total
-------------------------+-------+-------++-------
Melee: Hand axe          |    79 |    35 ||   114
       Headbutt          |    10 |     5 ||    15
Invok: Berserk           |     2 |     2 ||     4
  Use: Scroll            |     5 |       ||     5
Armor: Skin              |     3 |     4 ||     7
Dodge: Dodged            |    61 |    16 ||    77
